AoeStats
← Profucius9933

Fortress

510242835Analyzed
3v3 RM · 2d ago on Sep 30, 2026· 52m 55s· 6 players
Game mode
Random Map
Map size
Large (8 player)
Population
200
Speed
Normal
Resources
Standard
Victory
Conquest
Starting age
Dark Age
Ending age
Imperial Age
RankedLock teamsTeams togetherTeam positionsShared explorationLock speedFull tech treeHidden civsTurbo modeCheats
Victory
Defeat
🇺🇸 Britons · United States
888
+15
🇺🇸 Goths · United States
864
+16
🇺🇸 Bohemians · United States
764
+19
🇧🇷 Chinese · Brazil
893
-18
🇵🇪 Burgundians · Peru
835
-16
🇧🇷 Byzantines · Brazil
829
-16
hitmanvoodly
4:38 Loom
6:49 Feudal Age
5:39 Double-Bit Axe
5:49 Horse Collar
7:41 Town Watch
12:30 Wheelbarrow
14:07 Castle Age
13:38 Bow Saw
13:31 Heavy Plow
13:25 Gold Mining
19:21 Hand Cart
20:38 Stone Mining
26:40 Imperial Age
25:11 Ballistics
26:38 Two-Man Saw
26:11 Crop Rotation
26:19 Gold Shaft Mining
26:24 Stone Shaft Mining
28:29 Conscription
29:12 Chemistry
29:13 Padded Archer Armor
29:30 Burgundian Vineyards
30:41 Leather Archer Armor
34:47 Forging
34:43 Scale Barding Armor
38:54 Elite Skirmisher
39:44 Fletching
39:23 Elite Skirmisher
40:11 Elite Skirmisher
41:59 Bodkin Arrow
45:16 Bracer
BIRIBINHA
7:44 Feudal Age
8:21 Horse Collar
9:52 Loom
14:42 Castle Age
13:14 Stone Mining
13:12 Double-Bit Axe
14:32 Fletching
14:43 Padded Archer Armor
19:34 Heavy Plow
20:48 Bow Saw
23:35 Gold Mining
24:24 Stone Shaft Mining
24:00 Bodkin Arrow
24:21 Leather Archer Armor
27:29 Imperial Age
25:46 Wheelbarrow
25:01 Town Watch
25:40 Caravan
26:10 Coinage
26:44 Hand Cart
27:21 Gold Shaft Mining
27:52 Coinage
29:18 Bracer
29:48 Ring Archer Armor
30:24 Chemistry
29:45 Ballistics
30:39 Two-Man Saw
29:49 Heated Shot
31:47 Banking
30:46 Capped Ram
31:57 Conscription
31:43 Elite Chu Ko Nu
33:06 Siege Ram
36:05 Forging
35:56 Scale Mail Armor
37:18 Man-at-Arms
38:37 Iron Casting
38:17 Chain Mail Armor
41:16 Long Swordsman
43:00 Blast Furnace
42:31 Plate Mail Armor
42:32 Heavy Rocket Cart
48:26 Two-Handed Swordsman
49:17 Champion
49:21 Pikeman
50:01 Squires
gM1
6:16 Feudal Age
7:27 Double-Bit Axe
7:26 Horse Collar
14:39 Castle Age
14:00 Stone Mining
15:48 Bow Saw
18:42 Wheelbarrow
18:49 Gold Mining
23:34 Heavy Plow
26:44 Imperial Age
26:00 Caravan
26:55 Gold Shaft Mining
26:59 Stone Shaft Mining
28:20 Hand Cart
28:04 Loom
28:53 Conscription
29:23 Crop Rotation
29:55 Two-Man Saw
29:47 Husbandry
30:00 Forging
29:56 Scale Barding Armor
29:49 Heavy Camel Rider
32:03 Iron Casting
31:49 Chain Barding Armor
35:47 Plate Barding Armor
35:32 Guilds
35:01 Elite Cataphract
35:32 Onager
38:42 Logistica
Boundless316
2:15 Loom
7:03 Feudal Age
8:26 Wheelbarrow
7:44 Double-Bit Axe
8:00 Horse Collar
15:00 Castle Age
15:58 Hand Cart
15:57 Bow Saw
16:23 Heavy Plow
28:38 Imperial Age
26:37 Town Watch
27:19 Ballistics
27:20 Town Patrol
27:31 Pikeman
27:33 Elite Skirmisher
28:27 Masonry
28:11 Fletching
28:32 Forging
29:59 Chemistry
29:30 Bodkin Arrow
29:36 Padded Archer Armor
29:36 Scale Mail Armor
30:43 Iron Casting
31:50 Bracer
32:05 Leather Archer Armor
32:43 Conscription
33:23 Coinage
32:59 Caravan
33:29 Squires
33:16 Arson
35:07 Chain Mail Armor
36:20 Halberdier
39:06 Two-Man Saw
37:43 Man-at-Arms
38:57 Ring Archer Armor
38:57 Plate Mail Armor
39:28 Blast Furnace
40:11 Banking
39:52 Guilds
39:59 Scale Barding Armor
39:20 Elite Hussite Wagon
40:06 Wagenburg Tactics
41:21 Murder Holes
41:33 Houfnice
43:57 Hussite Reforms
43:23 Sappers
46:23 Chain Barding Armor
45:59 Long Swordsman
54:02 Architecture
53:38 Siege Engineers
53:44 Fortified Wall
jkulik11
7:53 Feudal Age
9:34 Double-Bit Axe
10:01 Horse Collar
15:07 Castle Age
12:42 Man-at-Arms
13:36 Forging
13:27 Scale Mail Armor
16:24 Bow Saw
16:28 Heavy Plow
22:15 Imperial Age
22:01 Iron Casting
21:42 Chain Mail Armor
21:36 Squires
22:29 Long Swordsman
23:41 Conscription
23:43 Pikeman
25:21 Wheelbarrow
24:38 Loom
27:22 Two-Man Saw
26:38 Two-Handed Swordsman
27:27 Perfusion
28:10 Hand Cart
27:50 Pikeman
28:40 Halberdier
30:29 Crop Rotation
30:40 Champion
33:24 Blast Furnace
32:28 Anarchy
32:31 Capped Ram
38:26 Elite Huskarl
50:13 Caravan
Profucius9933
6:12 Loom
8:01 Feudal Age
8:34 Horse Collar
8:40 Double-Bit Axe
13:07 Castle Age
13:58 Wheelbarrow
14:49 Heavy Plow
15:03 Bow Saw
16:53 Fletching
19:45 Bodkin Arrow
22:36 Yeomen
23:07 Hand Cart
22:38 Town Watch
23:11 Caravan
23:21 Gold Mining
28:36 Imperial Age
28:56 Ballistics
28:49 Padded Archer Armor
28:46 Elite Longbowman
29:38 Warwolf
29:41 Bracer
29:57 Leather Archer Armor
31:17 Pikeman
31:58 Squires
31:45 Gambesons
31:48 Arson
31:50 Halberdier
33:04 Ring Archer Armor
32:45 Forging
32:36 Scale Mail Armor
33:38 Conscription
34:51 Chemistry
35:26 Siege Engineers
35:18 Murder Holes
35:34 Fortified Wall
37:21 Iron Casting
37:01 Chain Mail Armor
38:30 Hoardings
40:10 Blast Furnace
39:40 Plate Mail Armor
Connection lost

Rejoining the realm…

Still unreachable

The connection could not be restored.

Session expired

The server has moved on; the page needs a fresh start.